 Dungeon Sprint DCSS version 0.27-a0-1557-g57f10a385c (webtiles) character file.

Game seed: 7744206927183732421

656 mhtbhm the Cleaver (level 7, -7/69 HPs)
             Began as a Minotaur Fighter on July 15, 2021.
             Was a High Priest of Qazlal.
             Killed from afar by a nagaraja (22 damage)
             ... with a bolt of poison
             ... while paralysed by a great orb of eyes
             ... in the Dungeon (Sprint VII: "The Pits").
             The game lasted 00:01:08 (585 turns).

mhtbhm the Cleaver (Minotaur Fighter)                Turns: 585, Time: 00:01:09

Health: -7/69      AC: 11    Str: 22    XL:     7   Next: 29%
Magic:  6/7        EV:  2    Int:  5    God:    Qazlal [*****.]
Gold:   0          SH:  0    Dex: 10    Spells: 6/6 levels left

rFire    . . .     SeeInvis .   a - +2 hand axe (vorpal)
rCold    . . .     Faith    .   c - +0 kite shield
rNeg     . . .     Spirit   .   b - +3 scale mail
rPois    .         Reflect  .   (helmet restricted)
rElec    .         Harm     .   (no cloak)
rCorr    .         Rampage  .   (no gloves)
Will     .....     NoTele   +   (no boots)
Stlth    ..........             (no amulet)
HPRegen  0.21/turn              (no ring)
MPRegen  0.10/turn              (no ring)

@: confused, paralysed, lethally poisoned (-7 -> -42), repel missiles
A: horns 2, retaliatory headbutt
a: Renounce Religion, Upheaval, Elemental Force, Disaster Area


You were in the Dungeon.
You worshipped Qazlal.
Qazlal was extremely pleased with you.
You visited 1 branch

Inventory:

Hand Weapons
 a - a +2 vorpal hand axe (weapon)
Armour
 b - a +3 scale mail (worn)
 c - a +0 kite shield (worn)
Scrolls
 j - a scroll of blinking
 l - 5 scrolls of amnesia
 m - a scroll of summoning
Potions
 d - a potion of might
 e - 6 potions of curing
 f - 3 potions of heal wounds
 g - a potion of haste
 h - 4 potions of magic
 i - 3 potions of berserk rage
 k - 2 potions of invisibility


   Skills:
 + Level 8.7 Fighting
 + Level 10.9 Axes
 + Level 9.2 Armour
 + Level 2.0 Dodging
 + Level 10.6 Shields
 * Level 1.7 Invocations


You had 6 spell levels left.
You didn't know any spells.
Your spell library was empty.

Dungeon Overview and Level Annotations

Branches:
Dungeon (1/1)

Altars:
Ashenzari
Cheibriados
Dithmenos
Elyvilon
Fedhas
Gozag
Hepliaklqana
Kikubaaqudgha
Makhleb
Nemelex Xobeh
Okawaru
Qazlal
Ru
Sif Muna
Trog
Uskayaw
Vehumet
Wu Jian
Xom
Yredelemnul
Zin
The Shining One
Beogh
Jiyva
Lugonu


Innate Abilities, Weirdness & Mutations

You have a pair of horns on your head.
You reflexively headbutt those who attack you in melee.


Message History

a +0 club; 2 boomerangs You see here a +0 dagger.
There is an open door, spattered with blood here.
Items here: )) [[.
You see here a +0 trident.
You open the door.
A great orb of eyes, a scorpion and a nagaraja come into view.
The nagaraja shouts!
The great orb of eyes turns its gaze towards you.
The scorpion is engulfed in blazing flames.
The scorpion stings you but does no damage.
There is an open door here.
You closely miss the scorpion.
The scorpion is severely wounded.
The scorpion is engulfed in blazing flames.
You kill the scorpion!
Qazlal accepts your kill. The great orb of eyes gazes at you.
You suddenly lose the ability to move!
The great orb of eyes gazes at you.
You shrug off the repeated paralysis!
The nagaraja is engulfed in blazing flames.
The nagaraja casts a spell at you. The bolt of poison hits you!!!
You are poisoned.
Ouch! That really hurt!
The great orb of eyes gazes at you.
You are confused.
You feel very sick. The nagaraja spits poison at you.
The splash of poison hits you but does no damage.
You are more poisoned.
The great orb of eyes bites you!
* * * LOW HITPOINT WARNING * * *
* * * LOW HITPOINT WARNING * * *
You feel very sick.
The nagaraja points at you and mumbles some strange words.
The bolt of poison hits you!!
You are more poisoned.
You die...

#.##'#..††.##...<...#
#.#........##.......#
#†#........##.......#
#'###########.......#
#..#.#.##..##########
#.†)....#)######
##.#.#.##)#....#
#.......#)#G...#
##.#.#.##)@N...+
#.......#'#....#
##.#.#..).#.°..#
###############


You could see a nagaraja (catching breath) and a great orb of eyes.

Vanquished Creatures
  A merfolk (D)
  2 wargs (D)
  A scorpion (D)
  A wight (D)
  An orc priest (D)
  A gnoll shaman (D)
  An orc wizard (D)
  A mummy (D)
  2 gnolls (D)
  A river rat (D)
  An adder zombie (D)
  2 orcs (D)
  A bat (D)
  2 kobolds (D)
  A quokka (D)
  A ball python skeleton (D)
  2 rats (D)
22 creatures vanquished.

Notes
Turn   | Place    | Note
-------+----------+-------------------------------------------
     0 | D        | mhtbhm the Minotaur Fighter began the quest for the Orb.
     0 | D        | Reached XP level 1. HP: 19/19 MP: 0/0
    20 | D        | Found a bloodstained altar of Trog.
    20 | D        | Found a shimmering blue altar of Sif Muna.
    20 | D        | Found a viscous altar of Jiyva.
    20 | D        | Found a hazy altar of Hepliaklqana.
    20 | D        | Found an opulent altar of Gozag.
    21 | D        | Found a glowing golden altar of the Shining One.
    21 | D        | Found a glowing silver altar of Zin.
    21 | D        | Found a basalt altar of Yredelemnul.
    21 | D        | Found a shimmering altar of Xom.
    21 | D        | Found an ornate altar of the Wu Jian Council.
    21 | D        | Found a sacrificial altar of Ru.
    21 | D        | Found a stormy altar of Qazlal.
    21 | D        | Found an iron altar of Okawaru.
    21 | D        | Found a sparkling altar of Nemelex Xobeh.
    21 | D        | Found a burning altar of Makhleb.
    21 | D        | Found a blossoming altar of Fedhas.
    21 | D        | Found a white marble altar of Elyvilon.
    21 | D        | Found a shadowy altar of Dithmenos.
    21 | D        | Found a snail-covered altar of Cheibriados.
    23 | D        | Found a radiant altar of Vehumet.
    23 | D        | Found a corrupted altar of Lugonu.
    24 | D        | Found a hide-covered altar of Uskayaw.
    24 | D        | Found an ancient bone altar of Kikubaaqudgha.
    24 | D        | Found a broken altar of Ashenzari.
    30 | D        | Became a worshipper of Qazlal Stormbringer
    91 | D        | Reached * piety under Qazlal
    92 | D        | Reached XP level 2. HP: 26/28 MP: 1/1
   114 | D        | Reached ** piety under Qazlal
   115 | D        | Reached skill level 5 in Fighting
   115 | D        | Reached skill level 5 in Armour
   115 | D        | Reached skill level 5 in Shields
   115 | D        | Reached XP level 3. HP: 33/36 MP: 2/2
   191 | D        | Noticed a warg
   192 | D        | Noticed a warg
   197 | D        | Reached *** piety under Qazlal
   208 | D        | Killed a warg
   209 | D        | Reached XP level 4. HP: 32/45 MP: 3/3
   209 | D        | Reached XP level 5. HP: 36/51 MP: 4/4
   212 | D        | Killed a warg
   213 | D        | Reached skill level 1 in Dodging
   213 | D        | Reached XP level 6. HP: 44/60 MP: 5/5
   215 | D        | Reached **** piety under Qazlal
   308 | D        | Noticed a merfolk
   322 | D        | Killed a merfolk
   323 | D        | Reached skill level 10 in Axes
   323 | D        | Reached skill level 10 in Shields
   563 | D        | Reached XP level 7. HP: 69/69 MP: 6/6
   570 | D        | Reached ***** piety under Qazlal
   571 | D        | Reached skill level 1 in Invocations
   578 | D        | Noticed a nagaraja
   578 | D        | Noticed a great orb of eyes
   580 | D        | Paralysed by a great orb of eyes for 7 turns
   585 | D        | Killed from afar by a nagaraja

Illustrated notes

Levels and vault maps discovered:
D:        pitsprint [storerooms_1, entrance_room_1, metal_vault_1, armoury_3,
          mini_pit_1, grid_room_1, main_hall_1, silver_pit, the_coven_1,
          the_vestibule_1, steel_vault_2, golden_pit, hallway_of_sentries,
          crystal_vault_1, iron_vault_1, final_vault]

Skill      XL: |  1  2  3  4  5  6  7 |
---------------+----------------------+-----
Fighting       | 4 5 6 7 8 |  8.7
Armour         | 4 5 7 8 9 |  9.2
Shields        | 4 5 7 8 10 | 10.6
Axes           | 3 7 8 10 | 10.9
Dodging        | 1 2 |  2.0
Invocations    | 1 |  1.7

Action                   |  1- 3 |  4- 6 |  7- 9 || total
-------------------------+-------+-------+-------++-------
Melee: Hand axe          |    36 |    25 |    10 ||    71
       Headbutt          |     5 |     5 |     1 ||    11
       War axe           |     1 |       |       ||     1
  Use: Potion            |     1 |     2 |       ||     3
Armor: Scale mail        |    19 |       |     5 ||    24
Dodge: Dodged            |    10 |     3 |       ||    13
       Repelled          |       |       |     1 ||     1
Block: Kite shield       |    30 |    13 |     3 ||    46

Table legend: (Time is in decaauts)
 A = Elapsed time spent in this place.
 B = Non-inter-level travel time spent in this place.
 C = Inter-level travel time spent in this place.
 D = Time resting spent in this place.
 E = Time spent auto-exploring this place.
 F = Levels seen in this place.
 G = Mean time per level.
                   A        B        C        D        E       F      G
               +--------+--------+--------+--------+--------+-----+--------+
         Total |    594 |    594 |      0 |    318 |      0 |   1 |  594.0 |
       Dungeon |    594 |    594 |      0 |    318 |      0 |   1 |  594.0 |
               +--------+--------+--------+--------+--------+-----+--------+

Top non-repeatable levels by time:
       D: 594 daAuts
